 Dungeon Crawl Stone Soup version 0.31-a0-940-gdaa99269f9 (webtiles) character file.

Game seed: 15639437004417350334

39 Shayle the Vexing (level 3, -4/36 HPs)
             Began as an Ogre Hexslinger on Oct 20, 2023.
             Slain by a gnoll
             ... wielding a +0 flail
              (7 damage)
             ... on level 2 of the Dungeon.
             The game lasted 00:01:49 (861 turns).

Shayle the Vexing (Ogre Hexslinger)                  Turns: 861, Time: 00:01:49

Health: -4/36      AC:  3    Str:  9 (12) XL:     3   Next: 45%
Magic:  6/6        EV: 10    Int: 13 (16) God:
Gold:   77         SH:  0    Dex:  9 (11) Spells: 6/6 levels left

rFire   + . .        a - +1 sling
rCold   + . .        (no shield)
rNeg    . . .        c - +0 robe
rPois   +            (helmet restricted)
rElec   +            (no cloak)
rCorr   +            (gloves unavailable)
SInv    .            (boots unavailable)
Will    .....        i - amulet of regeneration
Stlth   +            (no ring)
HPRegen 1.06/turn    (no ring)
MPRegen 0.10/turn

%: no passive effects
@: resistant
A: large, unfitting armour, tough skin 1, noise suppression
a: no special abilities


You were on level 2 of the Dungeon.
You visited 1 branch of the dungeon, and saw 2 of its levels.

You collected 77 gold pieces.

Inventory:

Hand Weapons
 a - a +1 sling (weapon)
Armour
 c - a +0 robe (worn)
Jewellery
 i - an amulet of regeneration (around neck)
Scrolls
 b - a scroll of poison
 d - a scroll of immolation {unknown}
 f - a scroll of fog {unknown}
Potions
 j - a potion of resistance


   Skills:
 + Level 2.5 Fighting
 - Level 1.3 Ranged Weapons
 + Level 2.2 Dodging
 + Level 2.0 Spellcasting
 - Level 2.6 Hexes
 + Level 1.5 Fire Magic


You had 6 spell levels left.
You didn't know any spells.
Your spell library contained the following spells:

 Spells                   Type           Power      Damage    Failure   Level
 Jinxbite                 Hex            16%        N/A       13%         2
 Freeze                   Ice            4%         1d3       26%         1
 Sigil of Binding         Hex            8%         N/A       26%         3
 Inner Flame              Hex/Fire       6%         N/A       32%         3
 Dazzling Flash           Conj/Hex       8%         N/A       41%         3
 Volatile Blastmotes      Fire/Tloc      6%         2d10      50%         3
 Frozen Ramparts          Ice            2%         1d1       58%         3
 Hailstorm                Conj/Ice       1%         3d3       58%         3
 Cause Fear               Hex            4%         N/A       63%         4
 Dimensional Bullseye     Hex/Tloc       2%         N/A       82%         4
 Starburst                Conj/Fire      1%         6d3       100%        6
 Maxwell's Capacitive Co  Air            0%         ∞         100%        8


Dungeon Overview and Level Annotations

Branches:
Dungeon (2/15)

Altars:


Innate Abilities, Weirdness & Mutations

You are too large for most types of armour.
You have tough skin. (AC +1)
You passively dampen the noise of your surroundings.


Message History

The gnoll hits you from afar with a +0 spear.
The gnoll hits you with a +0 flail.
It was a potion of resistance.
You feel protected.
The gnoll hits you from afar with a +0 spear.
The gnoll closely misses you.
It was a potion of mutation.
You feel extremely strange.
You feel your surroundings grow quieter.
The gnoll barely misses you. x2
It was a potion of curing.
You feel better. The gnoll hits you but does no damage.
The gnoll barely misses you.
You shoot a sling bullet. The sling bullet hits the gnoll.
The gnoll is severely wounded.
The gnoll hits you from afar with a +0 spear.
The gnoll barely misses you. The gnoll closely misses you.
The gnoll hits you with a +0 flail.
You shoot a sling bullet. The sling bullet hits the gnoll.
The gnoll is almost dead.
The gnoll closely misses you. The gnoll hits you but does no damage.
You shoot a sling bullet.
The sling bullet barely misses the gnoll.
The sling bullet hits the gnoll but does no damage.
The gnoll hits you from afar with a +0 spear.
The gnoll closely misses you.
You shoot a sling bullet.
The sling bullet barely misses the gnoll.
The sling bullet hits the gnoll.
The gnoll is lightly wounded.
The gnoll hits you from afar with a +0 spear.
The gnoll hits you with a +0 flail. The gnoll misses you.
The gnoll hits you from afar with a +0 spear.
* * * LOW HITPOINT WARNING * * *
It was a potion of degeneration.
There was something very wrong with that liquid.
You feel weakened.
You feel dopey.
You feel clumsy. The gnoll hits you but does no damage.
The gnoll hits you with a +0 flail!
* * * LOW HITPOINT WARNING * * *
Okay, then.
The gnoll attacks as it pursues you! The gnoll hits you with a +0 flail!
You die...

♣..#..########
♣..'..##.....#
♣..#)†##.....#
...#..##.....#
...#..##.....#
####†.##.....#
.......#.....###########
.####................[..
#............@.####
#...#.....####g#
#...#.....# #)#
#...#.....# #g#
#...#.....# #.#
#..........# #.#
#..........# #)# #.# #..


You could see 2 gnolls.

Vanquished Creatures
  2 gnolls (D:2)
  A dart slug (D:1)
  A ball python (D:2)
  An endoplasm (D:1)
  A giant cockroach (D:2)
  2 quokkas (D:1)
  3 bats
  2 goblins
  3 kobolds
  3 rats (D:1)
19 creatures vanquished.

Notes
Turn   | Place    | Note
-------+----------+-------------------------------------------
     0 | D:1      | Shayle the Ogre Hexslinger began the quest for the Orb.
     0 | D:1      | Reached XP level 1. HP: 19/19 MP: 2/2
   111 | D:1      | Reached skill level 1 in Fire Magic
   216 | D:1      | Reached XP level 2. HP: 28/28 MP: 4/4
   805 | D:2      | Found a faded altar of an unknown god.
   846 | D:2      | Reached XP level 3. HP: 36/36 MP: 5/5
   854 | D:2      | Gained mutation: You passively dampen the noise of your
                  | surroundings. [potion of mutation]
   861 | D:2      | Slain by a gnoll

Illustrated notes

Levels and vault maps discovered:
D:1:      moated_graveyard_arrival, layout_basic
D:2:      layout_basic, hellmonk_ecumenical_altar_inner_sanctum, serial_shops,
          nicolae_shop_just_a_little_nook, nicolae_shop_tiny_statue_garden,
          shop_statue

Skill      XL: |  1  2  3 |
---------------+----------+-----
Fire Magic     | 1 |  1.5
Dodging        | 2 |  2.2
Fighting       | 2 |  2.5
Spellcasting   | 2 |  2.0
Ranged Weapons | |  1.3
Hexes          | |  2.6

Action                     || total
---------------------------++-------
   Fire: Sling             ||    79
    Use: Potion            ||     4
 Armour: Robe              ||    60
  Dodge: Dodged            ||    41

Table legend: (Time is in decaauts)
 A = Elapsed time spent in this place.
 B = Non-inter-level travel time spent in this place.
 C = Inter-level travel time spent in this place.
 D = Time resting spent in this place.
 E = Time spent auto-exploring this place.
 F = Levels seen in this place.
 G = Mean time per level.
                   A        B        C        D        E       F      G
               +--------+--------+--------+--------+--------+-----+--------+
         Total |    887 |    865 |     22 |      0 |    688 |   2 |  443.5 |
       Dungeon |    887 |    865 |     22 |      0 |    688 |   2 |  443.5 |
               +--------+--------+--------+--------+--------+-----+--------+

Top non-repeatable levels by time:
     D:1: 730 daAuts
     D:2: 157 daAuts
